 Dungeon Crawl Stone Soup version 0.27-a0-1136-g0b992a5a9d (webtiles) character file.

Game seed: 11099829457533452756

113 kae the Chopper (level 4, -1/41 HPs)
             Began as a Hill Orc Fighter on May 4, 2021.
             Slain by Grinder (5 damage)
             ... on level 3 of the Dungeon.
             The game lasted 00:01:14 (2017 turns).

kae the Chopper (Hill Orc Fighter)                  Turns: 2017, Time: 00:01:15

Health: -1/41      AC:  7    Str: 19    XL:     4   Next: 96%
Magic:  4/4        EV:  9    Int:  8    God:
Gold:   121        SH:  4    Dex: 10    Spells: 3/3 levels left

rFire    . . .     SeeInvis .   a - +1 war axe
rCold    . . .     Faith    .   i - +0 buckler
rNeg     . . .     Spirit   .   b - +0 scale mail
rPois    .         Reflect  .   (no helmet)
rElec    .         Harm     .   (no cloak)
rCorr    .         Rampage  .   (no gloves)
Will     .....                  (no boots)
Stlth    ..........             (no amulet)
HPRegen  0.13/turn              (no ring)
MPRegen  0.09/turn              (no ring)

@: brilliant
A: screaming 1
a: no special abilities


You were on level 3 of the Dungeon.
You visited 1 branch of the dungeon, and saw 3 of its levels.

You collected 121 gold pieces.

Inventory:

Hand Weapons
 a - a +1 war axe (weapon)
Armour
 b - a +0 scale mail (worn)
 c - a +0 kite shield
 i - a +0 buckler (worn)
Scrolls
 l - 2 scrolls of enchant weapon
Potions
 d - a potion of degeneration
 e - a potion of flight
 f - a potion of attraction
 j - a potion of brilliance


   Skills:
 + Level 4.3 Fighting
 * Level 4.7 Axes
 + Level 4.0 Armour
 + Level 3.8 Shields


You had 3 spell levels left.
You didn't know any spells.
Your spell library was empty.

Dungeon Overview and Level Annotations

Branches:
Dungeon (3/15)

Altars:

Annotations:
D:3 Grinder


Innate Abilities, Weirdness & Mutations

You occasionally shout uncontrollably at your foes.


Message History

f - a potion of attraction An adder comes into view.
The adder hisses angrily.
Grinder comes into view.
The adder moves out of view.
Found a chain mail.
Grinder is nearby!
Grinder is nearby!
Grinder is nearby!
Grinder is nearby!
Grinder gestures at you.
You suddenly lose the ability to move!
A kobold comes into view. It is wielding a +0 short sword.
Grinder gestures at you. Pain shoots through your body!
The adder bites you but does no damage. Grinder hits you.
You writhe in agony.
The adder bites you but does no damage. Grinder barely misses you.
The adder bites you but does no damage. Grinder gestures at you.
Pain shoots through your body! The adder bites you but does no damage.
You can move again.
You are too injured to fight recklessly!
Okay, then.
It was a potion of brilliance.
You feel clever all of a sudden. The adder bites you but does no damage.
Grinder hits you but does no damage.
It was a potion of mutation.
You feel extremely strange.
You feel the urge to shout. The adder bites you. Grinder hits you!
You writhe in agony.
* * * LOW HITPOINT WARNING * * *
The adder bites you but does no damage.
A hobgoblin comes into view.
Okay, then.
Okay, then.
You slash the adder!
You kill the adder!
You hit Grinder. Grinder hits you.
* * * LOW HITPOINT WARNING * * *
You writhe in agony.
You die...

#####
#.†.#
#<#@#
#.#5#
...Kg
.......
#.....#[#
#######.#
.# #


You could see Grinder, a hobgoblin and a kobold.

Vanquished Creatures
  2 jellies (D:2)
  An adder (D:3)
  A worm (D:2)
  2 dart slugs (D:2)
  2 ball pythons
  3 bats (D:2)
  9 endoplasms (D:2)
  4 goblins (D:2)
  3 hobgoblins
  3 jackals (D:1)
  2 quokkas (D:2)
  2 frilled lizards (D:2)
  8 kobolds (D:2)
42 creatures vanquished.

Vanquished Creatures (others)
  5 fungi (D:2)
  6 toadstools (D:2)
11 creatures vanquished.

Grand Total: 53 creatures vanquished

Notes
Turn   | Place    | Note
-------+----------+-------------------------------------------
     0 | D:1      | kae the Hill Orc Fighter began the quest for the Orb.
     0 | D:1      | Reached XP level 1. HP: 19/19 MP: 1/1
   282 | D:1      | Reached XP level 2. HP: 26/27 MP: 2/2
  1185 | D:2      | Reached XP level 3. HP: 25/33 MP: 3/3
  1618 | D:2      | Reached XP level 4. HP: 36/40 MP: 4/4
  2008 | D:3      | Noticed Grinder
  2009 | D:3      | Paralysed by Grinder for 6 turns
  2016 | D:3      | Gained mutation: You occasionally shout uncontrollably at
                  | your foes. [potion of mutation]
  2017 | D:3      | Slain by Grinder

Illustrated notes

Levels and vault maps discovered:
D:1:      eino_arrival_tree_alley, layout_basic, chequers_serial_rivers_micro_e,
          grunt_decor_cap
D:2:      cheibrodos_fertilizer, layout_basic, kennysheep_generic_room_13
D:3:      layout_basic, lemuel_tele_altar, serial_shops,
          nicolae_shop_waterfront, shapermc_ecumenical_altar_totnotflames,
          uniq_grinder

Skill      XL: |  1  2  3  4 |
---------------+-------------+-----
Axes           | 3 4 |  4.7
Fighting       | 4 |  4.3
Armour         | 4 |  4.0
Shields        | |  3.8

Action                   |  1- 3 |  4- 6 || total
-------------------------+-------+-------++-------
Melee: War axe           |    75 |    18 ||    93
  Use: Potion            |     1 |     2 ||     3
       Scroll            |       |     6 ||     6
Armor: Scale mail        |    35 |    11 ||    46
Dodge: Dodged            |    43 |     3 ||    46
Block: Kite shield       |     8 |       ||     8
       Buckler           |    10 |     1 ||    11

Table legend: (Time is in decaauts)
 A = Elapsed time spent in this place.
 B = Non-inter-level travel time spent in this place.
 C = Inter-level travel time spent in this place.
 D = Time resting spent in this place.
 E = Time spent auto-exploring this place.
 F = Levels seen in this place.
 G = Mean time per level.
                   A        B        C        D        E       F      G
               +--------+--------+--------+--------+--------+-----+--------+
         Total |   2050 |   2008 |     42 |     69 |   1683 |   3 |  683.3 |
       Dungeon |   2050 |   2008 |     42 |     69 |   1683 |   3 |  683.3 |
               +--------+--------+--------+--------+--------+-----+--------+

Top non-repeatable levels by time:
     D:2: 1294 daAuts
     D:1: 739 daAuts
     D:3: 16 daAuts
